 Dungeon Crawl Stone Soup version 0.26-a0-651-gb41185065b (webtiles) character file.

Game seed: 15858489295080656794

82 grandjackal the Slasher (level 4, 0/35 HPs)
             Began as a Demonspawn Gladiator on Sept 30, 2020.
             Slain by Grinder (1 damage)
             ... on level 3 of the Dungeon.
             The game lasted 00:01:44 (1805 turns).

grandjackal the Slasher (Demonspawn Gladiator)      Turns: 1805, Time: 00:01:44

Health: 0/35       AC:  4    Str: 15    XL:     4   Next: 21%
Magic:  4/4        EV: 13    Int:  9    God:
Gold:   109        SH:  0    Dex: 15    Spells: 3/3 levels left

rFire    . . .     SeeInvis .   a - +0 long sword
rCold    . . .     Faith    .   (no shield)
rNeg     . . .     Spirit   .   b - +0 leather armour
rPois    .         Reflect  .   c - +0 helmet
rElec    .         Harm     .   (no cloak)
rCorr    .         Rampage  .   (no gloves)
MR       .....                  (no boots)
Stlth    +.........             (no amulet)
HPRegen  0.11/turn              (no ring)
MPRegen  0.09/turn              (no ring)

@: no status effects
A: talons 2
a: no special abilities


You were on level 3 of the Dungeon.
You visited 1 branch of the dungeon, and saw 3 of its levels.

You collected 109 gold pieces.

Inventory:

Hand Weapons
 a - a +0 long sword (weapon)
 j - a +1 short sword of speed
Armour
 b - a +0 leather armour (worn)
 c - a +0 helmet (worn)
Scrolls
 f - a scroll of identify {unknown}
 h - 2 scrolls of noise {unknown}
 i - a scroll of remove curse {unknown}
 k - a scroll of blinking {unknown}
 m - a scroll of fog {unknown}
 n - a scroll of teleportation {unknown}
Potions
 e - 2 potions of mutation {unknown}
 g - a potion of brilliance {unknown}
 l - a potion of curing {unknown}
 o - a potion of ambrosia {unknown}
 p - a potion of lignification {unknown}


   Skills:
 + Level 3.0 Fighting
 + Level 3.5 Long Blades
 - Level 1.7 Throwing
 + Level 3.4 Dodging


You had 3 spell levels left.
You didn't know any spells.
Your spell library was empty.

Dungeon Overview and Level Annotations

Branches:
Dungeon (3/15)

Altars:

Annotations:
D:3 Grinder


Innate Abilities, Weirdness & Mutations

You have razor-sharp toenails.


Message History

Unknown command.
Unknown command.
You barely miss Grinder.
Grinder is moderately wounded.
Grinder blinks!
You see here a throwing net.
d - 2 throwing nets (gained 1) Throwing (i - inventory)
d - 2 throwing nets (quivered)
Press: ? - help, Shift-Dir - straight line, f/p - Grinder
Aim: Grinder (moderately wounded)
You throw a throwing net. The throwing net barely misses Grinder.
Grinder gestures at you. Pain shoots through your body!
* * * LOW HITPOINT WARNING * * *
Throwing (i - inventory)
d - a throwing net (quivered)
Press: ? - help, Shift-Dir - straight line, f/p - Grinder
Aim: Grinder (moderately wounded)
You throw a throwing net. The throwing net barely misses Grinder.
Grinder hits you.
You die...

#############
.......<.@5(#
....#######†#
.
#.....(......#
#.#..........#
#.##.####..#
... #.# .. ..#
#.# ... ..# #.
#.#


You could see Grinder.

Vanquished Creatures
  An adder (D:2)
  3 oozes
  2 worms (D:2)
  2 dart slugs (D:2)
  A leopard gecko (D:1)
  A ball python (D:2)
  3 bats (D:1)
  3 giant cockroaches
  5 goblins
  6 hobgoblins
  4 jackals (D:1)
  A quokka (D:2)
  4 frilled lizards
  4 kobolds
  7 rats
47 creatures vanquished.

Notes
Turn   | Place    | Note
-------+----------+-------------------------------------------
     0 | D:1      | grandjackal the Demonspawn Gladiator began the quest for
                  | the Orb.
     0 | D:1      | Reached XP level 1. HP: 16/16 MP: 1/1
    65 | D:1      | Gained mutation: You have sharp toenails. [demonic
                  | ancestry]
    65 | D:1      | Reached XP level 2. HP: 13/22 MP: 2/2
   521 | D:1      | Reached XP level 3. HP: 23/28 MP: 3/3
  1442 | D:2      | Gained mutation: You have razor-sharp toenails. [demonic
                  | ancestry]
  1442 | D:2      | Reached XP level 4. HP: 31/34 MP: 4/4
  1780 | D:3      | Noticed Grinder
  1783 | D:3      | Paralysed by Grinder for 2 turns
  1793 | D:3      | HP: 1/35 [Grinder (6)]
  1796 | D:3      | Paralysed by Grinder for 2 turns
  1804 | D:3      | HP: 1/35 [Grinder/nerve-wracking pain (1)]
  1805 | D:3      | Slain by Grinder

Illustrated notes

Levels and vault maps discovered:
D:1:      ncdulo_halloftheorcs, layout_basic
D:2:      layout_loops_ring, corexii_corridor_pit
D:3:      layout_loops_ring, minmay_misc_feat_chi, uniq_grinder

Skill      XL: |  1  2  3  4 |
---------------+-------------+-----
Long Blades    | 3 |  3.5
Dodging        | 3 |  3.4
Fighting       | 3 |  3.0
Throwing       | |  1.7

Action                   |  1- 3 |  4- 6 || total
-------------------------+-------+-------++-------
Melee: Long sword        |    84 |    18 ||   102
       Kick              |    18 |     5 ||    23
Throw: Throwing net      |       |     4 ||     4
Armor: Leather armour    |    17 |     4 ||    21
Dodge: Dodged            |    66 |     9 ||    75
       Rpst.: Long sword |    26 |     5 ||    31

Table legend: (Time is in decaauts)
 A = Elapsed time spent in this place.
 B = Non-inter-level travel time spent in this place.
 C = Inter-level travel time spent in this place.
 D = Time resting spent in this place.
 E = Time spent auto-exploring this place.
 F = Levels seen in this place.
 G = Mean time per level.
                   A        B        C        D        E       F      G
               +--------+--------+--------+--------+--------+-----+--------+
         Total |   1829 |   1792 |     37 |    128 |   1405 |   3 |  609.7 |
       Dungeon |   1829 |   1792 |     37 |    128 |   1405 |   3 |  609.7 |
               +--------+--------+--------+--------+--------+-----+--------+

Top non-repeatable levels by time:
     D:1: 1169 daAuts
     D:2: 632 daAuts
     D:3: 27 daAuts
